 Dungeon Crawl Stone Soup version 0.30-a0-125-g51eefa89be (webtiles) character file.

Game seed: 7341187583928908409

73 zazu2006 the Magician (level 4, -1/36 HPs)
             Began as a Naga Hedge Wizard on Sept 18, 2022.
             Slain by a hobgoblin (3 damage)
             ... on level 3 of the Dungeon.
             The game lasted 00:04:13 (2181 turns).

zazu2006 the Magician (Naga Hedge Wizard)           Turns: 2181, Time: 00:04:14

Health: -1/36      AC:  3    Str: 12    XL:     4   Next: 27%
Magic:  2/10       EV:  9    Int: 17    God:
Gold:   67         SH:  0    Dex: 10    Spells: 5/11 levels left

rFire   . . .      SeeInvis +    k - +2 dagger (venom)
rCold   . . .      Faith    .    (no shield)
rNeg    . . .      Spirit   .    b - +0 robe
rPois   +          Reflect  .    h - +0 helmet
rElec   .          Harm     .    (no cloak)
rCorr   .          Rampage  .    (no gloves)
Will    .....                    (no barding)
Stlth   ++........               (no amulet)
HPRegen 0.12/turn                (no ring)
MPRegen 0.12/turn                (no ring)

@: very slow
A: AC +1, large, see invisible, deformed body, poison resistance, slowness 2,
spit poison 1, naga tail 1
a: Spit Poison


You were on level 3 of the Dungeon.
You visited 1 branch of the dungeon, and saw 3 of its levels.

You collected 67 gold pieces.

Inventory:

Hand Weapons
 e - a +2 short sword of holy wrath
 g - a +1 dagger of flaming
 k - a +2 dagger of venom (weapon)
Armour
 b - a +0 robe (worn)
 c - a +0 hat
 h - a +0 helmet (worn)
 o - the +1 robe of Complete Protection {rCorr Slay+3 Stlth-}
   (You found it on level 3 of the Dungeon)

   Slay:      It affects your accuracy & damage with ranged weapons and melee
   (+3).
   rCorr:     It protects you from acid and corrosion.
   Stlth:     It makes you less stealthy.
Scrolls
 a - a scroll of acquirement {unknown}
 f - 2 scrolls of identify {unknown}
 i - a scroll of immolation
 j - a scroll of poison {unknown}
 n - a scroll of blinking {unknown}
Potions
 d - a potion of magic
 l - 2 potions of curing {unknown}
 m - a potion of attraction {unknown}


   Skills:
 + Level 0.1 Fighting
 + Level 1.7 Dodging
 + Level 3.9 Stealth
 + Level 4.2 Spellcasting
 + Level 1.3 Conjurations
 + Level 1.0 Summonings
 + Level 1.0 Translocations


You had 5 spell levels left.
You knew the following spells:

 Your Spells              Type           Power      Damage    Failure   Level
a - Magic Dart            Conj           32%        1d4       9%          1
b - Mephitic Cloud        Conj/Pois/Air  5%         N/A       36%         3
d - Blink                 Tloc           14%        N/A       16%         2

Your spell library contained the following spells:

 Spells                   Type           Power      Damage    Failure   Level
 Apportation              Tloc           14%        N/A       11%         1
 Summon Small Mammal      Summ           28%        N/A       11%         1
 Necrotise                Necr           12%        1d4       16%         1
 Slow                     Hex            12%        N/A       16%         1
 Call Imp                 Summ           7%         N/A       16%         2
 Cigotuvi's Dreadful Rot  Necr/Pois/Air  6%         N/A       24%         2


Dungeon Overview and Level Annotations

Branches:
Dungeon (3/15)

Altars:
Fedhas

Shops:
D:2 =


Innate Abilities, Weirdness & Mutations

Your serpentine skin is tough. (AC +1)
You have supernaturally acute eyesight. (SInv)
Armour fits poorly on your strangely shaped body.
Your system is resistant to poisons. (rPois)
You cover ground very slowly.
You can spit poison.
You have a snake-like lower body.


Message History

The spell is quite dangerous to miscast (36% risk of failure)!
Continue anyway?
Aiming: Mephitic Cloud (quite dangerous; 36% risk of failure)
Press: ? - help, Shift-Dir - straight line, f/p - gnoll
Aim: a gnoll, wielding a +0 whip (chance to affect: 91%)
The ball explodes into a vile cloud!
The stinking cloud engulfs the gnoll but does no damage.
The stinking cloud engulfs you but does no damage.
You feel sick.
You hear a shout!
The ball python bites you but does no damage.
The gnoll is engulfed in noxious fumes.
The gnoll appears confused.
Unknown command.
You closely miss the ball python.
You feel sick. The ball python bites you.
The gnoll is engulfed in noxious fumes.
The gnoll appears confused.
You hit the ball python.
You kill the ball python!
You feel sick.
The gnoll is engulfed in noxious fumes.
The gnoll appears confused.
The gnoll hits you with a +0 whip.
You hit the gnoll.
The gnoll is poisoned.
The gnoll is lightly wounded.
You feel sick.
You are no longer poisoned.
The gnoll is engulfed in noxious fumes.
The gnoll appears confused.
You hit the gnoll.
The gnoll looks as sick as possible!
The gnoll is heavily wounded.
The kobold throws a stone.
The stone barely misses you.
A hobgoblin comes into view.
You kill the gnoll!
Found a leather armour.
The kobold throws a stone.
The stone hits you.
You see here a +0 whip.
The hobgoblin shouts!
The gnoll hits you with a +0 spear! The gnoll hits you but does no damage.
The gnoll hits you from afar with a +0 spear.
* * * LOW HITPOINT WARNING * * *
Your magical contamination has completely faded away.
The gnoll hits you from afar with a +0 spear.
* * * LOW HITPOINT WARNING * * *
The hobgoblin hits you.
You die...

########......#
#######.....##......#
##...?§§.§...
.......#
#..≈≈≈§≈§§§§#
#......#
.....§§≈§≈≈.#
#......# #.8...§g≈≈.#
#.....>#
#...§≈≈§≈≈.###......#
#.≈§≈≈≈§§....K@.....#
#?..........gg.######
#..#####.#....###
#...)..## #......#
#......^.....
.....†..........
....?...........
................


You could see 2 gnolls, a hobgoblin and a kobold.

Vanquished Creatures
  2 gnolls (D:3)
  An adder (D:2)
  2 dart slugs
  5 ball pythons
  2 endoplasms
  2 giant cockroaches (D:2)
  6 hobgoblins
  3 bats
  3 frilled lizards
  5 goblins
  6 kobolds
  3 rats (D:1)
40 creatures vanquished.

Notes
Turn   | Place    | Note
-------+----------+-------------------------------------------
     0 | D:1      | zazu2006 the Naga Hedge Wizard began the quest for the Orb.
     0 | D:1      | Reached XP level 1. HP: 15/15 MP: 4/4
   246 | D:1      | Reached XP level 2. HP: 22/22 MP: 3/6
   567 | D:1      | Found a faded altar of an unknown god.
  1000 | D:2      | Reached XP level 3. HP: 28/28 MP: 6/8
  1004 | D:2      | Learned a level 3 spell: Mephitic Cloud
  1007 | D:2      | Learned a level 2 spell: Blink
  1766 | D:2      | Found Qyosohuz's Jewellery Boutique.
  2046 | D:2      | Reached skill level 4 in Spellcasting
  2152 | D:3      | Found a blossoming altar of Fedhas.
  2158 | D:3      | Identified the +1 robe of Complete Protection {rCorr Slay+3
                  | Stlth-}
  2162 | D:3      | Reached XP level 4. HP: 36/36 MP: 5/10
  2181 | D:3      | Slain by a hobgoblin

Illustrated notes

Levels and vault maps discovered:
D:1:      psy_arrival_conway, layout_rooms, hellmonk_ecumenical_altar_blasted,
          minivault_23
D:2:      layout_basic, serial_shops, shop, eino_tiny_chamber
D:3:      layout_rooms, mainiacjoe_overflow_catwalk

Skill      XL: |  1  2  3 |
---------------+----------+-----
Spellcasting   | 4 |  4.2
Fighting       | |  0.1
Dodging        | |  1.7
Stealth        | |  3.9
Conjurations   | |  1.3
Summonings     | |  1.0
Translocations | |  1.0

Action                   |  1- 3 |  4- 6 || total
-------------------------+-------+-------++-------
Melee: Short sword       |    17 |       ||    17
       Dagger            |    11 |     6 ||    17
 Cast: Magic Dart        |    53 |       ||    53
       Mephitic Cloud    |     1 |     1 ||     2
 Abil: Spit Poison       |     6 |       ||     6
 Stab: Sleeping          |     2 |       ||     2
Armor: Robe              |     4 |     3 ||     7
Dodge: Dodged            |    16 |     4 ||    20

Table legend: (Time is in decaauts)
 A = Elapsed time spent in this place.
 B = Non-inter-level travel time spent in this place.
 C = Inter-level travel time spent in this place.
 D = Time resting spent in this place.
 E = Time spent auto-exploring this place.
 F = Levels seen in this place.
 G = Mean time per level.
                   A        B        C        D        E       F      G
               +--------+--------+--------+--------+--------+-----+--------+
         Total |   2669 |   2583 |     86 |      0 |   2273 |   3 |  889.7 |
       Dungeon |   2669 |   2583 |     86 |      0 |   2273 |   3 |  889.7 |
               +--------+--------+--------+--------+--------+-----+--------+

Top non-repeatable levels by time:
     D:2: 1456 daAuts
     D:1: 1176 daAuts
     D:3: 35 daAuts
